 Dungeon Crawl Stone Soup version 0.31.0 (webtiles) character file.

Game seed: 6750648781498445927

281 qw the Skirmisher (level 6, -10/37 HPs)
             Began as a Gargoyle Hunter on Jan 19, 2024.
             Was an Initiate of Okawaru.
             Killed by divine providence
             ... invoked by an orc priest
              (13 damage)
             ... on level 3 of the Dungeon.
             The game lasted 00:00:08 (1465 turns).

qw the Skirmisher (Gargoyle Hunter)                 Turns: 1465, Time: 00:00:08

Health: -10/37     AC:  8    Str: 15    XL:     6   Next: 27%
Magic:  6/6        EV: 12    Int:  9    God:    Okawaru [......]
Gold:   33         SH:  0    Dex: 21    Spells: 5/5 levels left

rFire   + . .        a - +0 shortbow
rCold   . . .        (shield currently unavailable)
rNeg    + . .        b - +1 leather armour {rF+}
rPois   inf          (no helmet)
rElec   +            (no cloak)
rCorr   .            (no gloves)
SInv    .            (no boots)
Will    .....        (no amulet)
Stlth   ++           d - +6 ring of dexterity
HPRegen 0.26/turn    (no ring)
MPRegen 0.10/turn

%: no passive effects
@: no status effects
A: sickness immunity, AC +4, negative energy resistance 1, electricity
resistance, torment resistance 1, petrification resistance
a: Renounce Religion


You were on level 3 of the Dungeon.
You worshipped Okawaru.
Okawaru was noncommittal.
You visited 1 branch of the dungeon, and saw 3 of its levels.

You collected 33 gold pieces.


Innate Abilities, Weirdness & Mutations

You are immune to sickness and miasma.
Your stone body is resilient. (AC +4)
You are immune to poison.
You resist negative energy. (rN+)
You are resistant to electric shocks. (rElec)
You are resistant to unholy torment.
You are immune to petrification.


   Skills:
 - Level 3.0 Fighting
 - Level 13.3 Ranged Weapons
 - Level 1.0 Armour
 + Level 1.7 Dodging
 - Level 1.1 Stealth


You had 5 spell levels left.
You didn't know any spells.
Your spell library was empty.

Inventory:

Hand Weapons
 a - a +0 shortbow (weapon)
Armour
 b - a +1 leather armour of fire resistance (worn)
 c - a +1 pair of gloves
Jewellery
 d - a +6 ring of dexterity (left hand)
Potions
 f - a potion of haste

Dungeon Overview and Level Annotations

Branches:
Dungeon (3/15)

Altars:
Okawaru
Trog

Shops:
D:2 (


Message History

The orc wizard misses you. The orc closely misses you.
The orc hits you with a +0 club.
An orc priest comes into view. It is wielding a +0 club.
You shoot an arrow.
The arrow closely misses the orc wizard.
The orc priest shouts!
The arrow hits the ribbon worm.
The ribbon worm is lightly wounded.
You shoot an arrow.
The arrow closely misses the orc wizard.
The arrow hits the ribbon worm!
The ribbon worm is heavily wounded.
The orc barely misses you.
The orc wizard points at you and mumbles some strange words.
You resist with some effort. The orc hits you with a +0 whip.
The orc priest looks satisfied for a moment.
You shoot an arrow. The arrow hits the orc wizard.
The orc wizard is almost dead.
The orc barely misses you. The orc hits you with a +0 whip.
The orc wizard hits you with a +0 dagger of freezing.
The orc wizard freezes you.
You shoot an arrow. The arrow hits the orc wizard.
You kill the orc wizard!
Okawaru accepts your kill.
A quokka comes into view.
The orc barely misses you. The orc hits you but does no damage.
You shoot an arrow. The arrow hits the ribbon worm.
The ribbon worm is heavily wounded.
The ribbon worm barely misses you.
You shoot an arrow.
The arrow barely misses the ribbon worm.
The orc barely misses you. The orc closely misses you.
You shoot an arrow.
The arrow barely misses the ribbon worm.
The arrow hits the orc!
You kill the orc!
Okawaru accepts your kill.
The orc priest mumbles some strange prayers to Beogh against you.
Beogh smites you!
You die...

### .. #<####. ###
......o###.##
#....)w@....#
...o..o###.#######
..###)b...........
.r.........#.##
.$...##...###.#
#.#####.#.#.##.#
#. #.#......# #
#.###.#..# ##
..##..######


You could see a ribbon worm, an orc priest, 2 orcs, a quokka and a bat.

Vanquished Creatures
  An orc priest (D:3)
  An orc wizard (D:3)
  An adder (D:2)
  3 dart slugs (D:1)
  A ribbon worm (D:1)
  7 orcs (D:3)
  9 bats
  7 endoplasms
  3 giant cockroaches
  10 goblins
  10 hobgoblins
  4 kobolds
  4 quokkas (D:1)
  3 ball pythons
  6 frilled lizards
  4 rats
74 creatures vanquished.

Notes
Turn   | Place    | Note
-------+----------+-------------------------------------------
     0 | D:1      | qw the Gargoyle Hunter began the quest for the Orb.
     0 | D:1      | Reached XP level 1. HP: 12/12 MP: 1/1
     0 | D:1      | 0 ||| qw: Version: 0.3-a-132-g3d54051
     0 | D:1      | 0 ||| qw: Game counter: 309
     0 | D:1      | 0 ||| qw: Melee chars always use a shield: true
     0 | D:1      | 0 ||| qw: God list: Okawaru
     0 | D:1      | 0 ||| qw: Allow faded altars: false
     0 | D:1      | 0 ||| qw: Do Orc after clearing Dungeon:15 true
     0 | D:1      | 0 ||| qw: Do second Lair branch before Depths: true
     0 | D:1      | 0 ||| qw: Lair rune preference: random
     0 | D:1      | 0 ||| qw: Goals: Normal
     0 | D:1      | 0 ||| PLANNING D:1-11
    67 | D:1      | Reached XP level 2. HP: 17/17 MP: 2/2
   185 | D:1      | Reached XP level 3. HP: 17/21 MP: 3/3
   194 | D:1      | Reached skill level 5 in Ranged Weapons
   489 | D:1      | 489 ||| UPGRADING to +6 ring of dexterity.
   490 | D:1      | 490 ||| READING scroll labelled GAPYRCH GAEDD.
   491 | D:1      | 491 ||| DROPPING scroll of butterflies.
   502 | D:2      | 502 ||| STAIRDANCE
   506 | D:2      | 506 ||| STAIRDANCE
   542 | D:2      | 542 ||| STAIRDANCE
   545 | D:1      | Reached skill level 3 in Fighting
   558 | D:2      | 558 ||| STAIRDANCE
   719 | D:2      | Reached XP level 4. HP: 28/28 MP: 4/4
   751 | D:2      | Found Figepyl's Antique Weapon Shop.
   936 | D:2      | Found a faded altar of an unknown god.
  1199 | D:2      | 1199 ||| UPGRADING to +0 ring mail.
  1209 | D:2      | 1209 ||| DROPPING +0 leather armour.
  1210 | D:2      | 1210 ||| READING scroll labelled QOSECSEGUP.
  1210 | D:2      | 1210 ||| IDENTIFYING smoky silvery potion
  1211 | D:2      | 1211 ||| DROPPING potion of degeneration.
  1252 | D:3      | Reached skill level 1 in Armour
  1261 | D:3      | Found a bloodstained altar of Trog.
  1330 | D:3      | Found an iron altar of Okawaru.
  1331 | D:3      | 1331 ||| PLANNING OKAWARU WORSHIP
  1334 | D:3      | 1334 ||| UPGRADING to +1 leather armour of fire resistance.
  1344 | D:3      | 1344 ||| DROPPING +0 ring mail.
  1345 | D:3      | 1345 ||| DROPPING ring of wizardry.
  1346 | D:3      | 1346 ||| READING scroll of identify.
  1346 | D:3      | 1346 ||| IDENTIFYING lumpy golden potion
  1347 | D:3      | 1347 ||| READING scroll labelled JUUTUS RITIAN.
  1352 | D:3      | Became a worshipper of Warmaster Okawaru
  1353 | D:3      | 1353 ||| PLANNING D:1-11
  1446 | D:3      | Reached XP level 5. HP: 25/32 MP: 5/5
  1450 | D:3      | 1450 ||| DRINKING blue potion.
  1450 | D:3      | Reached skill level 13 in Ranged Weapons
  1450 | D:3      | Reached XP level 6. HP: 21/37 MP: 6/6
  1458 | D:3      | HP: 8/37 [orc/+0 club (3)]
  1461 | D:3      | HP: 3/37 [orc wizard/+0 dagger of freezing (3)]
  1465 | D:3      | Killed from afar by an orc priest

Levels and vault maps discovered:
D:1:      wander_arrival_abandoned_jail, layout_rooms, st_stairs_12,
          minmay_box_of_dots
D:2:      layout_loops_cross, shapermc_ecumenical_altar_petra, serial_shops,
          shop
D:3:      layout_loops_ring, bloody_trog,
          hellmonk_okawaru_the_only_friend_you_need

Skill      XL: |  1  2  3  4  5 |
---------------+----------------+-----
Ranged Weapons | 5 13 | 13.3
Fighting       | 3 |  3.0
Armour         | 1 |  1.0
Dodging        | |  1.7
Stealth        | |  1.1

Action                     |  1- 3 |  4- 6 || total
---------------------------+-------+-------++-------
   Fire: Shortbow          |   127 |    75 ||   202
    Use: Scroll            |     1 |     3 ||     4
         Potion            |       |     1 ||     1
 Armour: Leather armour    |    45 |    21 ||    66
         Ring mail         |       |     6 ||     6
  Dodge: Dodged            |    49 |    37 ||    86

Table legend:
 A = Non-vault XP
 B = Vault XP
 C = Vault XP percentage of total XP
 D = Non-vault monster count
 E = Vault monster count
 F = Vault count percentage of total count
                 A         B        C        D         E       F
            +---------+---------+-------+---------+---------+-------
      Total |     218 |      10 |   4.4 |      69 |       5 |   6.8
            +---------+---------+-------+---------+---------+-------
        D:1 |      66 |      10 |  13.2 |      34 |       5 |  12.8
        D:2 |      33 |       0 |   0.0 |      14 |       0 |   0.0
        D:3 |     119 |       0 |   0.0 |      21 |       0 |   0.0
            +---------+---------+-------+---------+---------+-------
